 Dungeon Crawl Stone Soup version 0.30-a0-972-gf3ab3527aa (webtiles) character file.

Game seed: 5947127229723216404

116404 jasper the Stormcaller (level 16, -1/134 HPs)
             Began as a Black Draconian Conjurer on Mar 30, 2023.
             Was a High Priest of Sif Muna.
             Drowned by a water elemental (12 damage)
             ... summoned by Ilsuiw
             ... on level 2 of the Shoals on Mar 31, 2023.
             The game lasted 01:08:26 (37902 turns).

jasper the Stormcaller (Black Draconian Conjurer)  Turns: 37902, Time: 01:08:27

Health: -1/134     AC: 19    Str:  9 (10) XL:     16   Next: 20%
Magic:  8/32       EV: 21    Int: 26      God:    Sif Muna [*****.]
Gold:   1665       SH:  5    Dex: 13      Spells: 8/39 levels left

rFire   + + .      SeeInvis +    w - +11 Singing Sword {sonic wave}
rCold   . . .      Faith    +    x - +0 buckler {AC+3}
rNeg    . . .      Spirit   .    (body armour unavailable)
rPois   .          Reflect  .    k - +1 hat "Mupishrei" {rElec rF++ Stlth+}
rElec   +          Rampage  .    m - +0 cloak
rCorr   .                        L - +2 pair of gloves {Dex+3}
Will    +....                    r - +1 pair of boots
Stlth   +++                      u - amulet of faith
HPRegen 0.42/turn                G - +5 ring of evasion
MPRegen 0.23/turn                W - ring of see invisible

@: short of breath, engulfed (cannot breathe), flying, mesmerised, studying
Maces & Flails
A: breathe lightning, AC +9, unfitting armour, big wings, electricity
resistance, cold-blooded, deterioration 1
a: Breathe Lightning, Renounce Religion, Channel Magic, Forget Spell, Divine
Exegesis


You were on level 2 of the Shoals.
You worshipped Sif Muna.
Sif Muna was extremely pleased with you.
You visited 4 branches of the dungeon, and saw 24 of its levels.
You also visited: Bailey and Ice Cave.

You collected 2759 gold pieces.
You spent 1094 gold pieces at shops.

Inventory:

Hand Weapons
 w - the +11 Singing Sword (weapon) {sonic wave}
   (You found it in a bailey)
Missiles
 h - 29 poisoned darts
 v - 9 curare-tipped darts
 E - 6 throwing nets
Armour
 k - the +1 hat "Mupishrei" (worn) {rElec rF++ Stlth+}
   (You acquired it in a bailey)

   rF:        It greatly protects you from fire.
   rElec:     It insulates you from electricity.
   Stlth:     It makes you more stealthy.
 m - a +0 cloak (worn)
 r - a +1 pair of boots (worn)
 x - a +0 buckler of protection (worn)
 L - a +2 pair of gloves of dexterity (worn)
Magical Staves
 b - the staff of conjuration "Ovoklosmae" {Contam Dex+6}
   (You acquired it on level 2 of the Dungeon)

   [staff of conjuration]

   Base accuracy: +5 Base damage: 5 Base attack delay: 1.2 This weapon's minimum
   attack delay (0.6) is reached at skill level 12.
   Dex:       It affects your dexterity (+6).
   Contam:    It causes magical contamination when unequipped.
   It falls into the 'Staves' category.
   It is a one-handed weapon.
 p - a staff of poison
 X - a staff of fire
Jewellery
 g - a ring of fire
 s - the ring "Wylow" {rC+ Str+3 Int-3 Slay+3}
   (You took it off a frost giant in an ice cave)

   [ring of protection from cold]

   Str:       It affects your strength (+3).
   Int:       It affects your intelligence (-3).
   Slay:      It affects your accuracy & damage with ranged weapons and melee
   (+3).
   rC:        It protects you from cold.
 u - an amulet of faith (around neck)
 G - a +5 ring of evasion (left hand)
 J - a ring of wizardry
 R - a ring of willpower
 S - a ring of ice
 W - a ring of see invisible (right hand)
 Z - an amulet of magic regeneration
Wands
 f - a wand of light (2)
 t - a wand of flame (85)
 B - a wand of digging (4)
 N - a wand of charming (9)
 T - a wand of roots (12)
 U - a wand of mindburst (16)
Scrolls
 c - 2 scrolls of vulnerability
 i - 11 scrolls of teleportation
 n - 8 scrolls of fear
 q - 4 scrolls of magic mapping
 y - 3 scrolls of fog
 A - 3 scrolls of summoning
 D - 4 scrolls of blinking
 H - 3 scrolls of immolation
 I - 4 scrolls of enchant armour
 K - 10 scrolls of identify
 O - a scroll of enchant weapon
Potions
 a - 3 potions of magic
 d - 2 potions of ambrosia
 e - 3 potions of cancellation
 j - 2 potions of brilliance
 l - 3 potions of degeneration
 o - 3 potions of might
 z - 8 potions of lignification
 C - 5 potions of attraction
 F - 4 potions of resistance
 M - 5 potions of mutation
 P - 2 potions of haste
 Q - 2 potions of curing
 V - 2 potions of berserk rage
 Y - 2 potions of flight


   Skills:
 - Level 10.0 Fighting
 - Level 10.0 Dodging
 - Level 1.7 Stealth
 - Level 4.0 Shields
 - Level 12.0 Spellcasting
 - Level 10.4 Conjurations
 - Level 4.0 Hexes
 - Level 4.0 Translocations
 + Level 7.9 Fire Magic
 * Level 16.3 Air Magic
 - Level 4.0 Poison Magic
 + Level 12.8 Invocations


You had 8 spell levels left.
You knew the following spells:

 Your Spells              Type           Power      Damage    Failure   Level
a - Magic Dart            Conj           100%       1d8       1%          1
b - Plasma Beam           Fire/Air       34%        2x1d34    1%          5
d - Iskenderun's Mystic   Conj/Tloc      52%        2d11      2%          4
e - Passwall              Tmut/Erth      12%        N/A       7%          2
f - Olgreb's Toxic Radia  Pois           36%        N/A       9%          4
g - Swiftness             Air            79%        N/A       1%          3
h - Apportation           Tloc           72%        N/A       1%          1
i - Blink                 Tloc           72%        N/A       1%          2
j - Mephitic Cloud        Conj/Pois/Air  62%        N/A       1%          3
k - Conjure Ball Lightni  Conj/Air       35%        3x3d11    3%          6

Your spell library contained the following spells:

 Spells                   Type           Power      Damage    Failure   Level
 Kiss of Death            Conj/Necr      100%       2d13      1%          1
 Shock                    Conj/Air       100%       1d9       1%          1
 Sting                    Tmut/Pois      100%       1d8       1%          1
 Cigotuvi's Dreadful Rot  Necr/Pois/Air  100%       N/A       1%          2
 Momentum Strike          Conj/Tloc      100%       3d10      1%          2
 Poisonous Vapours        Pois/Air       100%       N/A       1%          2
 Scorch                   Fire           100%       2d10      1%          2
 Searing Ray              Conj           100%       2d8       1%          2
 Dazzling Flash           Conj/Hex       100%       N/A       1%          3
 Hailstorm                Conj/Ice       42%        3d10      1%          3
 Inner Flame              Hex/Fire       46%        N/A       1%          3
 Stone Arrow              Conj/Erth      84%        3d12      1%          3
 Airstrike                Air            39%        2d(6-22)  1%          4
 Flame Wave               Conj/Fire      59%        2d14      1%          4
 Sticky Flame             Conj/Fire      59%        2d7       1%          4
 Summon Lightning Spire   Summ/Air       55%        N/A       1%          4
 Iskenderun's Battlesphe  Conj           63%        2d11      1%          5
 Silence                  Hex/Air        31%        N/A       1%          5
 Confusing Touch          Hex            36%        N/A       2%          3
 Ignite Poison            Fire/Tmut/Pois 36%        N/A       2%          3
 Tukima's Dance           Hex            36%        N/A       2%          3
 Fulminant Prism          Conj/Hex       26%        3d14      2%          4
 Ensorcelled Hibernation  Hex/Ice        52%        N/A       3%          2
 Spider Form              Tmut/Pois      26%        N/A       6%          3
 Call Imp                 Summ           15%        N/A       7%          2
 Cause Fear               Hex            18%        N/A       9%          4
 Manifold Assault         Tloc           36%        N/A       9%          4
 Passage of Golubria      Tloc           36%        N/A       9%          4
 Anguish                  Hex/Necr       13%        N/A       21%         4
 Dispel Undead            Necr           15%        3d10      43%         4
 Metabolic Englaciation   Hex/Ice        13%        N/A       50%         5
 Yara's Violent Unravell  Hex/Tmut       13%        3d7       50%         5
 Iron Shot                Conj/Erth      21%        9d5       65%         6
 Spellforged Servitor     Conj/Summ      21%        N/A       99%         7
 Death Channel            Necr           7%         N/A       100%        6
 Borgnjor's Revivificati  Necr           7%         N/A       100%        8
 Discord                  Hex            18%        N/A       100%        8
 Ignition                 Fire           27%        3d9       100%        8
 Lehudib's Crystal Spear  Conj/Erth      21%        10d6      100%        8
 Necromutation            Tmut/Necr      7%         N/A       100%        8
 Death's Door             Necr           7%         N/A       100%        9


Dungeon Overview and Level Annotations

Branches:
Dungeon (15/15)            Temple (0/1) D:5            Lair (5/5) D:8
 Shoals (2/4) Lair:2       Spider (0/4) Lair:3        Slime (0/5) Lair:5
    Orc (2/2) D:11            Elf (0/3) Orc:2        Vaults (0/5) D:13
 Depths (0/4) D:15         Bailey (visited)           IceCv (visited)

Altars:
Ashenzari
Cheibriados
Dithmenos
Elyvilon
Hepliaklqana
Kikubaaqudgha
Nemelex Xobeh
Okawaru
Ru
Sif Muna
Uskayaw
Wu Jian
Yredelemnul
Jiyva

Shops:
D:1 [   D:8 ?   Orc:1 *   Orc:2 (=*[

Portals:
Trove: D:14 (give +4 demon trident)

Annotations:
D:12 3 runed translucent doors, Athrin's ghost, journeyman HOFi
D:13 2 transporters, Ahpoh's ghost, journeyman GrGl
D:14 Roxanne
Shoals:2 Ilsuiw


Innate Abilities, Weirdness & Mutations

You can breathe wild blasts of lightning.
Your glossy black scales are hard. (AC +9)
You cannot fit into any form of body armour.
Your large and strong wings let you fly.
You are resistant to electric shocks. (rElec)
You are cold-blooded and may be slowed by cold attacks.
Your body sometimes deteriorates upon taking damage.


Message History

Ilsuiw is blinded.
The bolt of light hits the merfolk siren!
The merfolk siren is heavily wounded.
The merfolk siren is blinded.
Your lungs strain for air!
The water elemental completely misses you.
The water elemental is engulfed in a cloud of scalding steam.
You take 5 damage, and have 60/134 hp.
Aiming: Bolt of Light
Press: ? - help, Shift-Dir - straight line, f - Ilsuiw, p - merfolk siren
Aim: Ilsuiw, wielding a +6 trident of freezing and wearing a +0 robe (severely wounded, wandering, slightly transparent, blind, very poisoned, hasn't noticed you, 43% to hit)
The bolt of light hits the water elemental!
The water elemental is almost destroyed.
The bolt of light hits the water elemental!
You destroy the water elemental!
The water elemental disappears in a puff of smoke!
The bolt of light misses the merfolk siren.
The bolt of light hits Ilsuiw.
Ilsuiw is severely wounded.
Your lungs strain for air!
The water elemental misses you. The water elemental barely misses you.
The water nymph gestures at you while chanting.
The water rises up and strikes you!!!
* * * LOW HITPOINT WARNING * * *
You take 48 damage, and have 12/134 hp.
MASSIVE DAMAGE!!
Okay, then.
You cannot read scrolls while unable to breathe!
Unknown command.
Okay, then.
You feel better.
* * * LOW HITPOINT WARNING * * *
Your lungs strain for air!
The water elemental completely misses you. x2
You take 1 damage, and have 11/134 hp.
You cannot read scrolls while unable to breathe!
Ilsuiw shouts!
You slice the water elemental!!
You destroy the water elemental!
The water elemental disappears in a puff of smoke!
You die...

≈≈≈≈≈≈≈≈≈≈≈≈≈≈≈≈≈≈
≈≈≈≈≈≈≈≈≈≈≈≈≈≈≈≈≈≈
≈≈≈≈≈≈≈≈≈≈≈≈≈≈≈≈≈≈
≈≈≈≈≈≈≈≈≈≈≈≈≈≈≈≈≈≈
≈≈≈≈≈≈≈≈≈≈≈≈≈≈≈≈≈≈
≈≈≈≈≈≈≈≈≈~~~~~~≈≈≈
≈≈≈≈≈≈≈≈E~m)~~~~≈≈
≈≈≈≈≈≈≈@§~m))~~~~≈
≈≈≈≈≈≈≈~~~.#.~~~~≈
≈≈≈≈≈≈~~~.## ..~~≈
≈≈≈≈≈≈~~.<# [~~~
≈≈≈~~m~~..# ~~~
≈≈~~~~~~~~. Y~
≈≈~~~~~~~..# ~
≈~~~~~~~...#
~..P....##


You could see Ilsuiw (wandering, invisible, blind, very poisoned), a water
elemental (summoned), a merfolk siren (mesmerising, blind) and a water nymph.

Vanquished Creatures
  A kraken (Shoals:1)
  Gastronok (D:9)
  2 frost giants (IceCv)
  An orc warlord (Bailey)
  A white draconian (IceCv)
  A fire dragon (D:15)
  3 hydras
  An ice dragon (IceCv)
  A vault guard (D:14)
  Fannar (Lair:3)
  6 centaur warriors
  5 ironbound frosthearts (IceCv)
  5 two-headed ogres
  3 boulder beetles
  A catoblepas (Lair:3)
  A merfolk avatar (Shoals:1)
  2 dancing weapons (D:13)
  2 orc high priests
  3 tengu warriors
  Urug (D:10)
  Sonja (D:10)
  2 skysharks
  Amaemon (D:7)
  Pikel (D:8)
  3 sea snakes (Shoals:1)
  2 deep trolls (D:15)
  An orb spider (shapeshifter) (D:15)
  An orange crystal statue (IceCv)
  5 harpies (Shoals:1)
  4 wizards
  21 ugly things
  3 deep elf pyromancers
  A wolf spider (D:9)
  An oklob plant (Lair:3)
  2 orc knights
  5 orc sorcerers (Orc:2)
  4 fauns (Shoals:1)
  A cyclops (Orc:1)
  13 elephants
  A water nymph (Shoals:1)
  4 black mambas
  9 manticores
  2 merfolk sirens
  A cane toad (shapeshifter) (D:14)
  Joseph (D:9)
  An orange demon (D:8)
  Maggie (D:9)
  A torpor snail (Lair:5)
  7 cane toads
  Psyche (D:10)
  An efreet (D:15)
  22 rime drakes
  2 gargoyles (D:12)
  A tengu conjurer (D:13)
  3 komodo dragons
  21 polar bears
  11 merfolk
  10 trolls
  5 hornets
  Grinder (D:6)
  17 blink frogs
  Prince Ribbit (D:6)
  2 dream sheep (Lair:5)
  A wind drake (Shoals:1)
  A snapping turtle (Shoals:1)
  6 slime creatures (D:14)
  A wraith (Shoals:1)
  12 spriggans
  Eustachio (D:6)
  A water elemental (Shoals:1)
  A hog (shapeshifter) (D:13)
  3 wyverns
  3 basilisks
  A shadow (D:13)
  2 vampires
  A steam dragon (D:6)
  42 yaks
  11 vampire mosquitoes
  7 wargs
  4 acid dragons
  21 water moccasins
  A sky beast (D:8)
  30 orc warriors
  2 ice beasts
  13 black bears
  9 ogres
  5 boggarts (Lair:5)
  11 centaurs
  31 wolves
  A kobold brigand (D:9)
  4 lemures (D:8)
  17 bullfrogs
  4 scorpions
  16 wights
  25 killer bees
  3 howler monkeys
  3 electric eels
  2 hounds (D:5)
  3 jellies
  Crazy Yiuf (D:3)
  9 orc priests
  A sleepcap (D:7)
  Ijyb (D:3)
  44 orc wizards
  3 iguanas
  13 gnolls
  5 adders
  2 shadow imps
  4 white imps
  2 ufetubi (D:6)
  4 worms
  90 orcs
  A bat zombie (D:14)
  4 endoplasms (D:2)
  A giant cockroach (D:2)
  17 goblins
  16 hobgoblins
  3 jackals (D:5)
  6 quokkas
  7 ball pythons
  5 bats
  2 frilled lizards
  8 kobolds
  9 rats
  A fulminant prism (D:10)
  2 tentacles (Shoals:1)
800 creatures vanquished.

Vanquished Creatures (collateral kills)
  A black bear (Lair:2)
  7 ball lightnings
8 creatures vanquished.

Vanquished Creatures (others)
  A deep elf pyromancer (D:11)
  A rime drake (IceCv)
  An orc (Orc:2)
  277 ball lightnings
  15 fulminant prisms
  70 fungi
  111 plants
  2 tentacles (Shoals:1)
478 creatures vanquished.

Grand Total: 1286 creatures vanquished

Notes
Turn   | Place    | Note
-------+----------+-------------------------------------------
     0 | D:1      | jasper the Draconian Conjurer began the quest for the Orb.
     0 | D:1      | Reached XP level 1. HP: 14/14 MP: 3/3
   281 | D:1      | Found Moolibeu's Armour Emporium.
   301 | D:1      | Reached XP level 2. HP: 22/22 MP: 3/5
   996 | D:2      | Reached skill level 1 in Fighting
  1014 | D:2      | Learned a level 2 spell: Searing Ray
  1121 | D:2      | Reached XP level 3. HP: 28/28 MP: 2/6
  1971 | D:2      | Identified a scroll of acquirement
  1971 | D:2      | Acquired the staff of conjuration "Ovoklosmae" {Contam
                  | Dex+6}
  2022 | D:3      | Reached XP level 4. HP: 19/35 MP: 0/9
  2035 | D:2      | Learned a level 4 spell: Fulminant Prism
  2403 | D:3      | Noticed Ijyb
  2420 | D:3      | Killed Ijyb
  2531 | D:3      | Learned a level 4 spell: Iskenderun's Mystic Blast
  2804 | D:3      | Reached XP level 5. HP: 38/40 MP: 6/11
  2934 | D:3      | Found a runed translucent door.
  2935 | D:3      | Noticed Crazy Yiuf
  2943 | D:3      | HP: 1/40 [Crazy Yiuf/+4 quarterstaff of chaos (16)]
  2945 | D:3      | Killed Crazy Yiuf
  3018 | D:3      | Identified the +0 hammer of Qonwir {venom, Will+ Str+5
                  | Dex+4}
  3090 | D:1      | Bought a +0 pair of boots for 49 gold pieces
  3090 | D:1      | Bought a +0 pair of gloves for 49 gold pieces
  3294 | D:3      | Found a broken altar of Ashenzari.
  3311 | D:3      | Found a hide-covered altar of Uskayaw.
  3311 | D:3      | Found a sparkling altar of Nemelex Xobeh.
  3312 | D:3      | Found a sacrificial altar of Ru.
  3314 | D:3      | Found an iron altar of Okawaru.
  3315 | D:3      | Found a snail-covered altar of Cheibriados.
  3777 | D:4      | Reached skill level 5 in Spellcasting
  3881 | D:4      | Noticed an ogre
  3887 | D:4      | Killed an ogre
  3888 | D:4      | Reached XP level 6. HP: 47/47 MP: 12/14
  3891 | D:4      | Learned a level 2 spell: Passwall
  4304 | D:5      | Entered Level 5 of the Dungeon
  4323 | D:5      | Found a shimmering blue altar of Sif Muna.
  4336 | D:5      | Found a basalt altar of Yredelemnul.
  4357 | D:5      | Became a worshipper of Sif Muna the Loreminder
  4489 | D:5      | Found a staircase to the Ecumenical Temple.
  4518 | D:5      | Learned a level 4 spell: Olgreb's Toxic Radiance
  4636 | D:5      | Your scales start taking on a glossy black colour.
  4636 | D:5      | Reached XP level 7. HP: 52/52 MP: 7/17
  4636 | D:5      | Gained mutation: You are resistant to electric shocks.
                  | (rElec) [Black Draconian growth]
  5072 | D:5      | Found an ancient bone altar of Kikubaaqudgha.
  5137 | D:5      | Found a hazy altar of Hepliaklqana.
  5701 | D:1      | Bought a +0 buckler of protection for 126 gold pieces
  5705 | D:1      | Learned a level 3 spell: Swiftness
  5797 | D:6      | Noticed Prince Ribbit
  5806 | D:6      | Killed Prince Ribbit
  5807 | D:6      | Reached XP level 8. HP: 50/59 MP: 15/20
  6020 | D:6      | Noticed Eustachio
  6025 | D:6      | Killed Eustachio
  6054 | D:6      | Reached skill level 1 in Hexes
  6054 | D:6      | Reached skill level 1 in Translocations
  6054 | D:6      | Reached skill level 1 in Air Magic
  6054 | D:6      | Reached skill level 1 in Poison Magic
  6240 | D:6      | Reached skill level 2 in Air Magic
  6331 | D:6      | Reached * piety under Sif Muna
  6442 | D:6      | Found an ornate altar of the Wu Jian Council.
  6546 | D:6      | Noticed Grinder
  6557 | D:6      | Killed Grinder
  6558 | D:6      | Reached skill level 5 in Conjurations
  6808 | D:7      | Reached XP level 9. HP: 62/64 MP: 12/21
  7651 | D:7      | Found a shadowy altar of Dithmenos.
  7706 | D:8      | Reached ** piety under Sif Muna
  7737 | D:8      | Noticed Amaemon
  7742 | D:8      | Noticed an orange demon
  7933 | D:8      | Killed an orange demon
  8122 | D:8      | Found a staircase to the Lair.
  8134 | D:8      | Reached XP level 10. HP: 71/71 MP: 11/22
  8138 | D:8      | Reached skill level 1 in Invocations
  8325 | D:8      | Found a flagged portal.
  8334 | Bailey   | Entered a bailey
  8455 | Bailey   | Reached *** piety under Sif Muna
  8921 | Bailey   | Noticed an orc warlord
  8946 | Bailey   | Killed an orc warlord
  8947 | Bailey   | Reached skill level 5 in Invocations
  8976 | Bailey   | Found the +11 Singing Sword {sonic wave}
  9013 | Bailey   | Acquired the +1 hat "Mupishrei" {rElec rF++ Stlth+}
  9065 | D:8      | Noticed Pikel
  9076 | D:8      | Killed Pikel
  9085 | D:8      | Reached **** piety under Sif Muna
  9430 | D:8      | Found Yrun's Magic Scroll Boutique.
  9449 | D:8      | Reached XP level 11. HP: 63/85 MP: 14/24
  9461 | D:8      | Noticed a two-headed ogre
  9471 | D:8      | Killed a two-headed ogre
  9601 | D:8      | Bought a scroll of teleportation for 39 gold pieces
  9601 | D:8      | Bought a scroll of teleportation for 39 gold pieces
  9601 | D:8      | Bought a scroll of immolation for 52 gold pieces
  9601 | D:8      | Bought a scroll of identify for 26 gold pieces
  9929 | D:9      | Found a white marble altar of Elyvilon.
  9990 | D:9      | Noticed Joseph
  9997 | D:9      | Noticed Gastronok
 10016 | D:10     | Entered Level 10 of the Dungeon
 10127 | D:10     | Reached skill level 5 in Fighting
 10237 | D:10     | Noticed a centaur warrior
 10250 | D:10     | Noticed a two-headed ogre
 10429 | D:11     | Noticed a white ugly thing
 10440 | D:11     | Killed a white ugly thing
 10545 | D:11     | Reached skill level 5 in Dodging
 10912 | D:11     | Noticed a two-headed ogre
 10931 | D:11     | Killed a two-headed ogre
 11210 | D:11     | Noticed a deep elf pyromancer
 11217 | D:11     | Noticed a deep elf pyromancer
 11217 | D:11     | Noticed a deep elf pyromancer
 11218 | D:11     | Killed a deep elf pyromancer
 11225 | D:11     | Killed a deep elf pyromancer
 11231 | D:11     | Killed a deep elf pyromancer
 11483 | D:11     | Noticed a wizard
 11484 | D:11     | Noticed a wizard
 11487 | D:11     | Killed a wizard
 11489 | D:11     | Killed a wizard
 11522 | D:11     | Got the Annotations on Incandescent Transposition
 11525 | D:11     | Learned a level 1 spell: Apportation
 11528 | D:11     | Learned a level 2 spell: Blink
 11532 | D:11     | Learned a level 3 spell: Mephitic Cloud
 11583 | D:11     | Noticed an orc knight
 11600 | D:11     | Killed an orc knight
 11650 | D:11     | Found a staircase to the Orcish Mines.
 11785 | D:11     | Reached XP level 12. HP: 89/97 MP: 17/25
 12196 | Orc:1    | Entered Level 1 of the Orcish Mines
 12217 | Orc:1    | Reached skill level 10 in Spellcasting
 12217 | Orc:1    | Reached ***** piety under Sif Muna
 12431 | Orc:1    | Received a gift from Sif Muna
 12432 | Orc:1    | Got Naxtink's Directory of Battle Magic {god gift}
 12493 | Orc:1    | Found Luara's Assorted Antiques.
 12501 | Orc:1    | Bought 3 scrolls of fear for 264 gold pieces
 12720 | D:10     | Noticed a two-headed ogre
 12735 | D:10     | Killed a two-headed ogre
 13089 | D:10     | Noticed Sonja
 13093 | D:10     | Killed Sonja
 13094 | D:10     | Reached skill level 10 in Invocations
 13094 | D:10     | Noticed Psyche
 13100 | D:10     | Killed Psyche
 13475 | D:10     | Killed a two-headed ogre
 13604 | D:10     | Killed a centaur warrior
 13613 | D:10     | Learned a level 6 spell: Conjure Ball Lightning
 13871 | D:10     | Noticed Urug
 13882 | D:10     | Killed Urug
 13883 | D:10     | Reached skill level 3 in Air Magic
 14208 | D:9      | Reached skill level 4 in Air Magic
 14512 | D:9      | Killed Joseph
 14800 | D:9      | Reached skill level 5 in Air Magic
 15310 | D:9      | Killed Gastronok
 15311 | D:9      | Reached skill level 6 in Air Magic
 15825 | D:9      | Noticed a boulder beetle
 15869 | D:9      | Killed a boulder beetle
 15870 | D:9      | Reached skill level 7 in Air Magic
 16029 | D:9      | Noticed Maggie
 16036 | D:9      | Killed Maggie
 16396 | D:7      | Killed Amaemon
 16476 | Lair:1   | Entered Level 1 of the Lair of Beasts
 16492 | Lair:1   | Reached XP level 13. HP: 72/104 MP: 1/27
 16592 | Lair:1   | Reached skill level 10 in Conjurations
 16784 | Lair:1   | Reached skill level 8 in Air Magic
 17156 | Lair:1   | Identified the +1 shortbow of the Key {freeze, rF+ Str+3}
 17872 | Lair:1   | You fall into a shaft and drop 1 floor!
 17900 | Lair:2   | Reached skill level 9 in Air Magic
 18804 | Lair:2   | Upgraded the game from 0.30-a0-965-g42e074c17a to
                  | 0.30-a0-972-gf3ab3527aa
 18987 | Lair:2   | Received a gift from Sif Muna
 19004 | Lair:2   | Learned a level 5 spell: Plasma Beam
 19708 | Lair:2   | Reached skill level 1 in Fire Magic
 19708 | Lair:2   | Reached skill level 10 in Air Magic
 20179 | Lair:2   | Found a staircase to the Shoals.
 20748 | Lair:3   | Found a hole to the Spider Nest.
 20812 | Lair:3   | Noticed Fannar
 20821 | Lair:3   | Killed Fannar
 20835 | Lair:3   | Gained mutation: Your body sometimes deteriorates upon
                  | taking damage. [mutagenic glow]
 21655 | Lair:4   | Gained mutation: Your large and strong wings let you fly.
                  | [Black Draconian growth]
 21655 | Lair:4   | Reached XP level 14. HP: 79/116 MP: 2/29
 22685 | Lair:5   | Entered Level 5 of the Lair of Beasts
 22866 | Lair:5   | Reached skill level 11 in Air Magic
 23115 | Lair:5   | Received a gift from Sif Muna
 24015 | Lair:5   | Received a gift from Sif Muna
 24776 | Lair:5   | Reached skill level 12 in Air Magic
 25194 | Lair:5   | Found a staircase to the Slime Pits.
 25194 | Lair:5   | Found a viscous altar of Jiyva.
 25935 | Orc:2    | Entered Level 2 of the Orcish Mines
 25938 | Orc:2    | Found a staircase to the Elven Halls.
 26019 | Orc:2    | Paralysed by an orc sorcerer for 4 turns
 26021 | Orc:2    | Received a gift from Sif Muna
 26310 | Orc:2    | Paralysed by an orc sorcerer for 4 turns
 26773 | Orc:2    | Found Resurun's Jewellery Shop.
 26773 | Orc:2    | Found Hejyl's Weapon Emporium.
 26791 | Orc:2    | Bought an amulet of magic regeneration for 450 gold pieces
 26892 | Orc:2    | Found Sevil's Armour Shop.
 26892 | Orc:2    | Found Hotteca's General Store.
 26900 | Orc:2    | Paralysed by an orc sorcerer for 2 turns
 28062 | D:12     | Found a hide-covered altar of Uskayaw.
 28766 | D:12     | Found a runed translucent gate.
 28766 | D:12     | Found a runed translucent gate.
 28766 | D:12     | Found a runed translucent gate.
 28767 | D:12     | Noticed Athrin's ghost (journeyman HOFi)
 29184 | D:12     | Found an iron altar of Okawaru.
 29231 | D:13     | Reached skill level 13 in Air Magic
 29340 | D:13     | Reached skill level 5 in Fire Magic
 29626 | D:13     | Found a gate to the Vaults.
 29876 | D:13     | Reached XP level 15. HP: 111/126 MP: 18/31
 29878 | D:13     | Reached skill level 10 in Fighting
 29948 | D:13     | Found a transporter.
 29952 | D:13     | Noticed Ahpoh's ghost (journeyman GrGl)
 30168 | D:13     | Found a transporter.
 30652 | D:13     | Identified the +5 ring mail of the Valley of Death {Dex+5}
 30865 | D:14     | Found a frozen archway.
 30873 | IceCv    | Entered an ice cave
 31677 | IceCv    | Received a gift from Sif Muna
 31837 | IceCv    | Reached skill level 14 in Air Magic
 32491 | IceCv    | HP: 5/126 [ice dragon/blast of cold[an orange crystal
                  | statue] (19)]
 33140 | IceCv    | Noticed a frost giant
 33145 | IceCv    | Killed a frost giant
 33152 | IceCv    | Identified the ring "Wylow" {rC+ Str+3 Int-3 Slay+3}
 33152 | IceCv    | Noticed a frost giant
 33157 | IceCv    | Killed a frost giant
 33760 | D:14     | Reached skill level 15 in Air Magic
 34494 | D:14     | Found a portal to a secret trove of treasure.
 34619 | D:14     | Identified Roxanne's Spellbook of Configuration
 34619 | D:14     | Noticed Roxanne
 34820 | D:15     | Entered Level 15 of the Dungeon
 35303 | D:15     | Found a staircase to the Depths.
 36221 | Shoals:1 | Entered Level 1 of the Shoals
 36469 | Shoals:1 | Reached XP level 16. HP: 104/134 MP: 9/32
 36470 | Shoals:1 | Received a gift from Sif Muna
 36471 | Shoals:1 | Got Sif Muna's Grimoire of Freezing Imprecation {god gift}
 36533 | Shoals:1 | Noticed a kraken
 36544 | Shoals:1 | Killed a kraken
 36820 | Shoals:1 | Reached skill level 10 in Dodging
 36852 | Shoals:1 | Reached skill level 16 in Air Magic
 37889 | Shoals:2 | Noticed Ilsuiw
 37902 | Shoals:2 | Drowned by a water elemental

Illustrated notes

Levels and vault maps discovered:
D:1:      minmay_arrival_four_loops, layout_rooms, serial_shops, shop,
          hex_large, minivault_4
D:2:      layout_loops_ring
D:3:      layout_basic, minitemple, uniq_ijyb, uniq_crazy_yiuf_cottage
D:4:      layout_basic, st_stairs_12
D:5:      layout_loops_ring, mainiacjoe_overflow_catwalk_spiral,
          mainiacjoe_overflow_large_starburst, minmay_temple_entry_antechambers
D:6:      layout_cave_pools, mainiacjoe_overflow_catwalk,
          nicolae_elevator_lobby_asterisk, uniq_grinder, uniq_prince_ribbit1,
          uniq_eustachio
D:7:      nicolae_cairo_tiling_large_dashed, layout_rooms,
          mainiacjoe_overflow_small_starburst, grunt_ogre_cave
D:8:      layout_loops_ring, due_lair_maze_entry_diamond, enter_bailey_6,
          serial_shops, shop, uniq_amaemon, uniq_pikel
D:9:      nzn_winding_woodlands_three_and_one
          [nzn_winding_woodlands_5x15_parted,
          nzn_winding_woodlands_5x15_split_checker,
          nzn_winding_woodlands_5x15_default,
          nzn_winding_woodlands_center_lodge], layout_gridville,
          mainiacjoe_overflow_concentric_impassable, uniq_gastronok,
          uniq_maggie, uniq_joseph
D:10:     layout_loops_corners, uniq_sonja, uniq_urug, uniq_psyche
D:11:     cheibrodos_lost_city_excavation, layout_loops_ring, david_orc_5
D:12:     layout_layer_cave, gammafunk_ghost_fury_of_okawaru,
          eat_drink_and_be_merry_uskayaw
D:13:     layout_layer_cave, erik_vaults_1, gammafunk_ghost_mausoleum,
          st_stairs_5, minivault_14
D:14:     layout_basic, portal_ice_cave_entry_pillars_four, enter_trove_5,
          lemuel_zombie_altar_kikubaaqudgha, uniq_roxanne
D:15:     hangedman_depths_entry_civil_slaughter, layout_gridville
Lair:1:   layout_long_grid, beast_lair_carwin_2
Lair:2:   beast_lair_carwin_large_3, layout_gridlike, elwin_shoals_entry_stream
Lair:3:   layout_gridlike, dummy_spider_entry, infiniplex_staircase_pool_2,
          lemuel_fruit_tree, uniq_fannar
Lair:4:   layout_cave_pods, nicolae_quartered_pool_super, grunt_megastairs_1
Lair:5:   minmay_lair_end_enchanted_forest, layout_cellular_growth,
          slime_entry_1, lemuel_centaur_altar
Shoals:1: layout_shoals, nicolae_shoals_so_close
Shoals:2: layout_shoals, uniq_polyphemus, uniq_ilsuiw
Orc:1:    layout_caves, serial_shops, shop, basic_altar, nicolae_orc_lost_temple
Orc:2:    st_orc_town, layout_caves, mines_bat_river

Skill      XL: |  1  2  3  4  5  6  7  8  9 10 11 12 13 14 15 16 |
---------------+-------------------------------------------------+-----
Dodging        | 2 4 5 6 7 8 9 10 | 10.0
Fighting       | 1 4 6 8 9 10 | 10.0
Spellcasting   | 3 4 5 6 8 9 10 11 12 | 12.0
Shields        | 3 4 |  4.0
Hexes          | 2 4 |  4.0
Translocations | 2 4 |  4.0
Air Magic      | 2 7 10 13 15 16 | 16.3
Poison Magic   | 2 4 |  4.0
Conjurations   | 5 8 9 10 | 10.4
Invocations    | 6 9 11 12 | 12.8
Fire Magic     | 2 5 7 |  7.9
Stealth        | |  1.7

Action                     |  1- 3 |  4- 6 |  7- 9 | 10-12 | 13-15 | 16-18 || total
---------------------------+-------+-------+-------+-------+-------+-------++-------
  Melee: Unarmed           |     9 |       |       |       |       |       ||     9
         Dagger            |    16 |       |       |       |       |       ||    16
         Tailslap          |     3 |     5 |     8 |    10 |    54 |     1 ||    81
         Staff             |     2 |    41 |    44 |    78 |   132 |       ||   297
         Double sword      |       |       |       |       |   184 |    16 ||   200
  Throw: Dart              |       |     6 |       |       |       |       ||     6
   Cast: Magic Dart        |    68 |    77 |    78 |    29 |     6 |       ||   258
         Searing Ray       |     1 |    12 |    40 |    31 |     3 |       ||    87
         Iskenderun's Myst |       |       |    11 |    45 |     7 |       ||    63
         Fulminant Prism   |       |       |     3 |    13 |       |       ||    16
         Olgreb's Toxic Ra |       |       |       |   106 |    63 |     2 ||   171
         Swiftness         |       |       |       |     2 |       |       ||     2
         Mephitic Cloud    |       |       |       |    15 |       |       ||    15
         Conjure Ball Ligh |       |       |       |     3 |   107 |     4 ||   114
         Plasma Beam       |       |       |       |       |   346 |    37 ||   383
 Invoke: Channel Magic     |       |       |       |     5 |    18 |     1 ||    24
Ability: Breathe Lightning |       |       |     6 |    17 |    15 |     3 ||    41
  Evoke: Wand              |       |     6 |     7 |     8 |     9 |     2 ||    32
    Use: Scroll            |    14 |     5 |     4 |     9 |     7 |       ||    39
         Potion            |       |     1 |     3 |     6 |     3 |     1 ||    14
   Stab: Distracted        |       |       |       |       |     1 |       ||     1
 Armour: Skin              |     2 |    35 |    59 |   146 |   241 |    15 ||   498
  Dodge: Dodged            |    28 |    47 |    60 |   216 |   654 |    57 ||  1062
  Block: Buckler           |       |       |    26 |    64 |   182 |     6 ||   278

Table legend: (Time is in decaauts)
 A = Elapsed time spent in this place.
 B = Non-inter-level travel time spent in this place.
 C = Inter-level travel time spent in this place.
 D = Time resting spent in this place.
 E = Time spent auto-exploring this place.
 F = Levels seen in this place.
 G = Mean time per level.
                   A        B        C        D        E       F      G
               +--------+--------+--------+--------+--------+-----+--------+
         Total |  38133 |  36544 |   1589 |   4995 |  26382 |  26 | 1466.7 |
       Dungeon |  21404 |  20245 |   1159 |   1843 |  15826 |  15 | 1426.9 |
          Lair |   9668 |   9361 |    307 |   1798 |   6170 |   5 | 1933.6 |
        Shoals |   1444 |   1433 |     11 |    120 |   1134 |   2 |  722.0 |
  Orcish Mines |   2226 |   2115 |    111 |    657 |   1006 |   2 | 1113.0 |
        Bailey |    723 |    723 |      0 |     61 |    436 |   1 |  723.0 |
      Ice Cave |   2664 |   2664 |      0 |    516 |   1810 |   1 | 2664.0 |
               +--------+--------+--------+--------+--------+-----+--------+

Top non-repeatable levels by time:
   IceCv: 2664 daAuts
  Lair:5: 2521 daAuts
     D:9: 2280 daAuts
  Lair:1: 2267 daAuts
    D:11: 2238 daAuts
  Lair:2: 2037 daAuts
    D:10: 1781 daAuts
  Lair:4: 1708 daAuts
     D:8: 1566 daAuts
    D:13: 1515 daAuts
     D:6: 1484 daAuts
    D:14: 1470 daAuts
Shoals:1: 1428 daAuts
    D:12: 1387 daAuts
     D:3: 1373 daAuts
